Map: 2000 Atmospheres LE

Players

JonSnow - Winner!

  • Race: Zerg Zerg

PiLiPiLi

  • Race: Protoss Protoss

Event: DreamHack SC2 Masters 2021 Fall

VOD

Have the link to the VOD?

Description

Time

  • Played on: Aug. 3, 2021, 5:36 p.m.
  • Length: 14:27

All games in this series

Show
View Real Time Build Order
Export as new Build Order

JonSnow Zerg - Winner!

Build Orders: Hatch First, Muta Ling Bane 

Get SALT Encoding   

  12  0:01  Drone  
  13  0:12  Overlord  
  13  0:17  Drone  
  14  0:31  Drone x2  
  16  0:49  Hatchery  
  15  0:51  Drone  
  15  0:56  Drone  
  17  0:58  Drone  
  18  1:06  Extractor  
  17  1:13  Spawning Pool  
  17  1:17  Drone  
  17  1:24  Drone  
  18  1:31  Drone  
  19  1:39  Drone  
  20  2:02  Queen x2, Overlord  
  20  2:03  Zergling x4  
  20  2:07  Metabolic Boost  
  26  2:13  Drone  
  27  2:16  Drone  
  28  2:23  Drone x2  
  30  2:37  Hatchery  
  30  2:41  Drone x2  
  31  2:45  Drone x2  
  33  2:52  Queen  
  33  2:56  Overlord  
  35  3:07  Overlord  
  35  3:12  Drone  
  35  3:15  Queen  
  35  3:16  Drone x3  
  35  3:19  Overlord  
  40  3:26  Drone x2  
  42  3:27  Drone  
  42  3:32  Queen  
  45  3:35  Overlord  
  45  3:38  Drone  
  46  3:44  Drone  
  46  3:45  Evolution Chamber  
  46  3:49  Overlord  
  46  3:50  Drone x3  
  49  3:55  Queen  
  49  4:00  Zergling x6  
  54  4:04  Drone x2  
  54  4:05  Drone  
  57  4:10  Spore Crawler  
  57  4:12  Zerg Melee Weapons Level 1  
  57  4:14  Drone  
  57  4:15  Drone  
  58  4:17  Drone  
  58  4:21  Drone x3  
  62  4:30  Spore Crawler  
  60  4:31  Lair  
  60  4:32  Drone x3  
  60  4:35  Extractor  
  60  4:36  Extractor  
  61  4:40  Drone x5  
  61  4:44  Drone x3  
  69  4:48  Extractor, Overlord  
  69  4:50  Drone  
  69  4:52  Drone x2  
  71  4:53  Drone  
  71  4:55  Drone  
  71  4:56  Drone  
  74  5:03  Overlord  
  74  5:05  Extractor x2  
  73  5:07  Drone x2  
  73  5:11  Zergling x6  
  77  5:16  Spore Crawler  
  77  5:17  Zergling x2  
  77  5:18  Zergling x4  
  79  5:31  Queen  
  79  5:33  Spire  
  79  5:40  Zergling x22  
  89  5:47  Overlord  
  89  5:51  Overlord  
  89  5:53  Hatchery  
  89  5:55  Drone  
  89  5:56  Overlord x2  
  89  5:57  Overlord  
  89  6:07  Hatchery  
  86  6:11  Overlord  
  85  6:23  Overlord  
  85  6:25  Drone  
  86  6:31  Drone x2  
  88  6:33  Drone x6  
  94  6:45  Mutalisk  
  94  6:46  Mutalisk x5  
  106  6:53  Mutalisk x2  
  106  6:54  Mutalisk  
  106  7:00  Mutalisk x2  
  106  7:01  Mutalisk x2  
  117  7:09  Zerg Melee Weapons Level 2, Zerg Flyer Weapons Level 1  
  117  7:13  Zergling x14  
  122  7:18  Hatchery  
  122  7:21  Mutalisk  
  122  7:22  Mutalisk  
  126  7:27  Zergling x6  
  126  7:28  Zergling x2  
  126  7:32  Baneling Nest  
  126  7:33  Mutalisk  
  126  7:34  Mutalisk  
  126  7:36  Hatchery  
  126  7:37  Drone x4  
  130  7:40  Drone  
  130  7:41  Drone x2  
  135  7:44  Drone x2  
  137  7:52  Mutalisk x2  
  131  8:18  Mutalisk x4  
  130  8:20  Zergling x10  
  130  8:21  Zergling x6  
  130  8:23  Drone  
  130  8:26  Mutalisk x2  
  138  8:28  Drone x2  
  138  8:30  Extractor x2, Drone x2  
  142  8:35  Drone  
  142  8:36  Queen x2  
  142  8:37  Drone  
  142  8:41  Mutalisk x2  
  148  8:44  Overlord x4  
  148  8:47  Extractor  
  151  8:49  Overlord  
  151  8:51  Extractor, Drone x2  
  151  8:52  Centrifical Hooks  
  151  8:54  Drone x2  
  154  8:59  Hatchery  
  153  9:04  Mutalisk x2  
  153  9:16  Mutalisk x2  
  151  9:20  Zergling x24  
  151  9:23  Drone x2  
  165  9:25  Baneling x7  
  165  9:28  Drone x2  
  165  9:29  Queen  
  169  9:39  Drone x2  
  169  9:40  Drone x2  
  169  9:41  Drone  
  169  9:42  Mutalisk x3, Overlord  
  180  9:51  Hatchery  
  176  9:56  Mutalisk x3  
  165  10:05  Zergling x28  
  179  10:07  Mutalisk x3  
  179  10:12  Baneling x3  
  179  10:20  Baneling x8  
  175  10:22  Zergling x2  
  175  10:23  Zergling x20  
  175  10:25  Baneling  
  175  10:26  Baneling x6  
  163  10:35  Mutalisk  
  163  10:36  Mutalisk  
  163  10:38  Zergling x12  
  157  10:45  Mutalisk x2  
  158  10:50  Drone x4  
  158  10:51  Drone x3  
  161  11:08  Hatchery  
  161  11:10  Mutalisk x5  
  165  11:15  Mutalisk  
  162  11:22  Zerg Missile Weapons Level 1  
  162  11:23  Zergling x2, Roach Warren  
  162  11:24  Zergling x12  
  168  11:29  Drone x4  
  168  11:31  Drone  
  168  11:32  Extractor, Drone x2  
  174  11:33  Extractor  
  173  11:44  Extractor  
  173  11:45  Baneling x5  
  172  12:06  Mutalisk x8  
  182  12:11  Mutalisk  
  182  12:13  Zergling x22  
  182  12:14  Zergling x4  
  197  12:18  Glial Reconstitution  
  197  12:22  Hydralisk Den  
  196  12:29  Baneling x10  
  193  12:33  Zergling x8  
  193  12:34  Zergling x12  
  193  12:37  Spine Crawler x3  
  198  12:38  Spine Crawler  
  198  12:39  Spine Crawler  
  194  12:49  Roach x3  
  195  12:54  Baneling x20  
  188  13:04  Baneling  
  188  13:05  Baneling x4  
  175  13:13  Grooved Spines  
  169  13:25  Hydralisk  
  169  13:26  Hydralisk x3  
  169  13:27  Zergling x10  
  153  13:33  Zergling x18  
  142  13:42  Zergling x2  
  142  13:43  Zergling x6  
  142  13:46  Ravager  
  142  13:47  Baneling x10  
  147  13:52  Baneling x4  
  147  13:54  Zergling x10  
  149  14:05  Baneling x12  
Show
View Real Time Build Order
Export as new Build Order

PiLiPiLi Protoss 

Build Orders: 1 Gate Expand 

Get SALT Encoding   

  12  0:01  Probe  
  13  0:13  Probe  
  14  0:20  Pylon  
  14  0:26  Probe (Chrono Boost)  
  15  0:38  Probe (Chrono Boost)  
  15  0:40  Gateway  
  16  0:47  Assimilator, Probe (Chrono Boost)  
  17  0:52  Probe  
  18  1:04  Probe  
  19  1:17  Probe  
  20  1:23  Nexus  
  20  1:34  Cybernetics Core  
  20  1:36  Probe  
  21  1:43  Assimilator  
  21  1:48  Probe  
  21  1:53  Pylon  
  22  2:01  Probe  
  23  2:08  Stalker (Chrono Boost)  
  23  2:11  Warp Gate  
  23  2:13  Probe  
  26  2:25  Probe  
  27  2:31  Stargate  
  27  2:37  Adept, Probe  
  29  2:38  Probe  
  31  2:49  Probe  
  31  2:50  Probe  
  33  3:01  Probe  
  33  3:02  Gateway  
  33  3:05  Void Ray (Chrono Boost), Probe  
  34  3:11  Shield Battery  
  35  3:14  Probe  
  35  3:19  Probe  
  41  3:21  Pylon  
  41  3:26  Probe  
  42  3:32  Void Ray (Chrono Boost), Probe  
  43  3:38  Probe  
  44  3:44  Probe  
  44  3:47  Pylon  
  49  3:50  Probe  
  50  3:56  Probe  
  50  4:02  Nexus, Probe  
  52  4:05  Pylon  
  52  4:08  Probe  
  53  4:10  Void Ray  
  53  4:14  Probe  
  58  4:20  Assimilator, Probe  
  58  4:22  Assimilator  
  59  4:28  Robotics Facility  
  59  4:30  Probe  
  60  4:32  Probe  
  60  4:33  Shield Battery  
  61  4:42  Adept x2, Probe  
  61  4:44  Probe  
  67  4:51  Gateway  
  67  4:54  Probe  
  68  5:03  Probe  
  68  5:06  Pylon  
  69  5:07  Pylon, Probe  
  69  5:08  Void Ray (Chrono Boost)  
  74  5:15  Robotics Bay, Probe  
  74  5:18  Probe  
  74  5:19  Probe  
  77  5:23  Immortal (Chrono Boost)  
  77  5:27  Probe  
  82  5:30  Pylon, Probe  
  82  5:31  Probe  
  84  5:39  Probe  
  84  5:42  Void Ray (Chrono Boost), Probe  
  86  5:43  Probe  
  86  5:45  Assimilator  
  86  5:49  Sentry  
  93  5:50  Assimilator, Zealot  
  93  5:51  Probe  
  93  5:52  Shield Battery  
  93  5:54  Probe  
  93  5:55  Observer, Probe  
  99  5:59  Forge  
  99  6:03  Probe  
  100  6:06  Probe  
  101  6:12  Shield Battery  
  101  6:14  Shield Battery  
  100  6:19  Disruptor (Chrono Boost)  
  100  6:20  Zealot x3  
  109  6:25  Probe  
  109  6:38  Protoss Ground Weapons Level 1  
  109  6:39  Twilight Council  
  109  6:45  Pylon, Photon Cannon  
  109  6:47  Photon Cannon  
  109  6:49  Pylon  
  109  6:51  Pylon  
  109  6:52  Pylon  
  109  7:00  Shield Battery  
  109  7:03  Probe x2  
  109  7:04  Photon Cannon, Probe  
  109  7:05  Photon Cannon  
  109  7:07  Disruptor  
  119  7:15  Phoenix (Chrono Boost)  
  117  7:24  Charge  
  117  7:27  Gateway  
  109  7:30  Gateway  
  109  7:32  Phoenix (Chrono Boost)  
  109  7:33  Photon Cannon  
  109  7:34  Gateway  
  103  7:38  Protoss Air Weapons Level 1, Gateway  
  103  7:40  Gateway  
  103  7:42  Shield Battery  
  103  7:45  Stalker x2  
  103  7:46  Photon Cannon, Stalker  
  109  7:55  Phoenix (Chrono Boost)  
  109  7:57  Templar Archives  
  111  8:12  Phoenix  
  111  8:14  Zealot x3  
  117  8:27  Disruptor (Chrono Boost)  
  117  8:29  Stalker x3  
  126  8:35  Photon Cannon  
  126  8:36  Photon Cannon, Phoenix (Chrono Boost)  
  126  8:37  Shield Battery  
  128  8:42  Pylon  
  128  8:47  Gateway  
  128  8:49  High Templar x2  
  128  8:54  Archon  
  132  8:59  Pylon, Phoenix, Warp Prism  
  132  9:01  High Templar x2  
  140  9:04  Pylon  
  132  9:23  Archon  
  132  9:24  Gateway, High Templar x2, Phoenix (Chrono Boost)  
  132  9:25  Protoss Ground Weapons Level 2, Gateway  
  132  9:27  Pylon  
  132  9:28  Shield Battery  
  132  9:29  Archon  
  138  9:33  Pylon  
  138  9:34  Zealot  
  140  9:41  Pylon  
  140  9:43  Pylon  
  140  9:44  Phoenix (Chrono Boost)  
  140  9:57  Zealot x2  
  140  9:58  Zealot  
  142  10:03  Phoenix (Chrono Boost), Zealot x6, Warp Prism (Chrono Boost)  
  142  10:06  Gateway  
  130  10:37  Phoenix (Chrono Boost)  
  130  10:38  Zealot x9  
  103  10:54  Colossus (Chrono Boost)  
  103  10:55  Phoenix (Chrono Boost)  
  93  10:57  Photon Cannon  
  93  10:59  Photon Cannon  
  93  11:00  Photon Cannon  
  93  11:02  High Templar  
  93  11:03  High Templar x4  
  93  11:04  High Templar  
  113  11:05  Zealot x2  
  113  11:07  Archon  
  113  11:08  Archon x2  
  100  11:20  Phoenix (Chrono Boost)  
  100  11:23  High Templar x2, Zealot  
  108  11:27  Archon  
  108  11:30  Zealot x2  
  112  11:38  Warp Prism (Chrono Boost)  
  112  11:42  Zealot x5, Phoenix (Chrono Boost)  
  126  12:10  Stalker x9  
  144  12:36  Stalker x7  
  144  12:37  Stalker x2  
  140  13:00  Stalker x5  
  140  13:01  Stalker x3  
  142  13:18  Zealot x2  
  120  13:30  Zealot x3  
  120  13:31  Zealot x3  
  114  13:36  Stalker  
  116  13:46  Templar Archives  
  114  14:11  Zealot  
  114  14:12  Zealot x6  
  114  14:15  Cybernetics Core  

Tags
 
Add a new tag
Caveats
  • Supply blocks, unpowered buildings, or Contaminate may cause inaccurate times.
  • Supply counts are checked every 10 seconds.